Canadiens vs Thrashers

Created - November 13 2010 at 11:00

Goals
1 2 3 T
Canadiens 1 0 1 2
Thrashers 1 2 1 4
Shots
1 2 3 T
Canadiens 9 7 14 30
Thrashers 9 13 7 29

Period #1

1. Canadiens , Brent Seabrook 2 (Marian Gaborik, Tomas Plekanec) at 2:22 (PP)
2. Thrashers , Benoit Pouliot 5 (Nik Antropov) at 9:59

Penalties :
Dan Girardi (ATL) for Roughing (Minor) at 0:49, Brenden Morrow (ATL) for Boarding (Minor) at 5:30, Tomas Plekanec (MTL) for Tripping (Minor) at 15:10

Period #2

3. Thrashers , Ryan Suter 4 (Benoit Pouliot, Marc Staal) at 13:56 (PP)
4. Thrashers , Benoit Pouliot 6 (Nik Antropov, Ryan Malone) at 16:25

Penalties :
Francis Bouillon (MTL) for Interference (Minor) at 1:25, Mark Giordano (ATL) for Holding (Minor) at 5:30, Dan Girardi (ATL) for Holding (Minor) at 7:56, Dan Girardi (ATL) for Roughing (Minor) at 10:16, Wayne Simmonds (MTL) for Slashing (Double Minor) at 10:16

Period #3

5. Canadiens , Ilya Kovalchuk 6 (Tom Gilbert) at 19:04
6. Thrashers , Brenden Morrow 1 (Brad Boyes, Jordan Staal) at 19:49 (Empty Net)

Penalties :
Ryan Callahan (ATL) for Tripping (Minor) at 9:11, Ed Jovanovski (MTL) for Interference (Minor) at 11:21, Brent Seabrook (MTL) for Hooking (Minor) at 16:53

Goalie Stats

Jaroslav Halak (MTL), 25 saves from 28 shots - (0.893), L, 6-7-2, 59:26 minutes
Roberto Luongo (ATL), 28 saves from 30 shots - (0.933), W, 10-8-1, 60:00 minutes

Players Stats

Canadiens
Player Name              G  A  P  +/- PIM S  H  SB FO    MP 
------------------------------------------------------------
Ales Hemsky              0  0  0   0  0   3  0  0  1/2   16 
Alexander Edler          0  0  0   0  0   0  0  0  0/0   21 
Brent Seabrook           1  0  1  -3  2   3  2  0  0/0   23 
Cory Stillman            0  0  0  -1  0   2  2  0  1/1   18 
David Booth              0  0  0  -2  0   0  0  0  0/0   4  
Ed Jovanovski            0  0  0  -2  2   1  1  0  0/0   22 
Francis Bouillon         0  0  0   0  2   1  4  1  0/0   15 
Ilya Kovalchuk           1  0  1   1  0   7  0  0  4/5   18 
Jason Pominville         0  0  0  -1  0   1  1  0  0/2   18 
Marian Gaborik           0  1  1   1  0   3  3  0  3/4   20 
Maxime Talbot            0  0  0  -2  0   0  4  0  0/2   8  
Patrik Berglund          0  0  0  -2  0   1  0  0  1/4   4  
R.J. Umberger            0  0  0  -1  0   2  0  0  9/26  20 
Shawn Horcoff            0  0  0   0  0   1  0  0  11/15 13 
Tom Gilbert              0  1  1   1  0   1  0  0  0/0   19 
Tomas Plekanec           0  1  1   1  2   1  1  0  18/33 20 
Toni Lydman              0  0  0   0  0   3  2  0  0/0   19 
Wayne Simmonds           0  0  0   0  4   0  1  0  0/0   11 
Thrashers
Player Name              G  A  P  +/- PIM S  H  SB FO    MP 
------------------------------------------------------------
Antoine Vermette         0  0  0   0  0   2  0  1  14/21 19 
Benoit Pouliot           2  1  3   3  0   4  0  0  0/1   19 
Brad Boyes               0  1  1   1  0   0  0  0  1/1   9  
Brenden Morrow           1  0  1   1  2   4  2  0  2/7   17 
Brian Rolston            0  0  0   0  0   0  0  0  0/0   0  
Christian Ehrhoff        0  0  0   0  0   1  2  0  0/0   23 
Dan Girardi              0  0  0  -1  6   0  3  0  0/0   19 
James Wisniewski         0  0  0   0  0   0  0  0  0/0   0  
Jordan Staal             0  1  1   1  0   1  0  1  10/14 13 
Marc Staal               0  1  1   0  0   3  2  2  0/0   17 
Mark Giordano            0  0  0   2  2   0  3  1  0/0   20 
Mike Ribeiro             0  0  0  -1  0   1  1  1  8/23  22 
Nik Antropov             0  2  2   2  0   5  0  0  8/20  20 
Rene Bourque             0  0  0  -1  0   2  1  0  1/2   18 
Ryan Callahan            0  0  0  -1  2   0  6  0  1/1   18 
Ryan Malone              0  1  1   2  0   0  5  0  1/4   14 
Ryan Suter               1  0  1   2  0   3  0  2  0/0   18 
Sergei Gonchar           0  0  0   0  0   3  0  2  0/0   23 

3 Stars

1 - Benoit Pouliot (ATL)
2 - Ryan Malone (ATL)
3 - Ryan Suter (ATL)

Power Play

Canadiens - 1 on 5 Attempt(s) - 20.00%
Thrashers - 1 on 4 Attempt(s) - 25.00%

Penalty Kill

Canadiens - 3 on 4 Attempt(s) - 75.00% - Score 0 goal in Penalty Kill
Thrashers - 4 on 5 Attempt(s) - 80.00% - Score 0 goal in Penalty Kill

Game Notes

Brenden Morrow has scored in a empty net!

Finance

Level 1 -- Attendance: 6000 (100.00%) -- Ticket Income $540,000.00
Level 2 -- Attendance: 5000 (100.00%) -- Ticket Income $235,000.00
Level 3 -- Attendance: 3201 (91.46%) -- Ticket Income $96,030.00
Level 4 -- Attendance: 2496 (76.80%) -- Ticket Income $49,920.00
Luxury Box -- Attendance: 939 (93.90%) -- Ticket Income $159,630.00
Game was played at the Philips Arena
Total Attendance: 17636 (94.06%)
Total Ticket Income: $1,125,455.00
Other Income: $203,459.70
Total Income: $1,328,915.00


Play by Play

Period #1

0:01 of 1st period - Jordan Staal wins face-off versus R.J. Umberger in neutral zone.
0:18 of 1st period - Shot by Antoine Vermette.
0:18 of 1st period - Stopped by Jaroslav Halak without a rebound.
0:19 of 1st period - Ilya Kovalchuk wins face-off versus Mike Ribeiro in Canadiens zone.
0:19 of 1st period - Ilya Kovalchuk is hit by Ryan Callahan.
0:32 of 1st period - Ryan Callahan is hit by Tomas Plekanec and loses puck.
0:48 of 1st period - Tomas Plekanec is hit by Dan Girardi and loses puck.
0:49 of 1st period - Minor Penalty to Dan Girardi for Roughing.
0:50 of 1st period - R.J. Umberger wins face-off versus Antoine Vermette in Thrashers zone.
1:30 of 1st period - Shot by Ales Hemsky.
1:30 of 1st period - Stopped by Roberto Luongo without a rebound.
1:31 of 1st period - Antoine Vermette wins face-off versus Ilya Kovalchuk in Thrashers zone.
1:52 of 1st period - Shot by Ilya Kovalchuk.
1:52 of 1st period - Deflect By Marian Gaborik.
1:52 of 1st period - Stopped by Roberto Luongo without a rebound.
1:53 of 1st period - Brenden Morrow wins face-off versus Tomas Plekanec in Thrashers zone.
2:10 of 1st period - Shot by Tomas Plekanec.
2:10 of 1st period - Shot Misses the Net.
2:16 of 1st period - Shot by Marian Gaborik.
2:16 of 1st period - Shot Misses the Net.
2:20 of 1st period - Shot by Marian Gaborik.
2:20 of 1st period - Shot Misses the Net.
2:22 of 1st period - Shot by Brent Seabrook.
2:22 of 1st period - Goal by Brent Seabrook - Canadiens : 1 - Thrashers : 0.
2:23 of 1st period - Shawn Horcoff wins face-off versus Nik Antropov in neutral zone.
4:11 of 1st period - Shot by Mike Ribeiro.
4:11 of 1st period - Stopped by Jaroslav Halak with a rebound.
4:13 of 1st period - Shot by Brenden Morrow.
4:13 of 1st period - Stopped by Jaroslav Halak without a rebound.
4:14 of 1st period - Jordan Staal wins face-off versus Tomas Plekanec in Canadiens zone.
4:23 of 1st period - Shot by Benoit Pouliot.
4:23 of 1st period - Deflect By Jordan Staal.
4:23 of 1st period - Stopped by Jaroslav Halak without a rebound.
4:24 of 1st period - Nik Antropov wins face-off versus R.J. Umberger in Canadiens zone.
5:29 of 1st period - R.J. Umberger is hit by Mike Ribeiro.
5:30 of 1st period - Minor Penalty to Brenden Morrow for Boarding.
5:31 of 1st period - Tomas Plekanec wins face-off versus Antoine Vermette in Thrashers zone.
5:36 of 1st period - Shot by Ed Jovanovski.
5:36 of 1st period - Stopped by Roberto Luongo without a rebound.
5:37 of 1st period - Antoine Vermette wins face-off versus Tomas Plekanec in Thrashers zone.
5:43 of 1st period - Icing by Alexander Edler.
5:44 of 1st period - Antoine Vermette wins face-off versus Tomas Plekanec in Canadiens zone.
5:59 of 1st period - Shot by Marc Staal.
5:59 of 1st period - Stopped by Jaroslav Halak without a rebound.
6:00 of 1st period - Antoine Vermette wins face-off versus Tomas Plekanec in Canadiens zone.
6:42 of 1st period - Icing by Toni Lydman.
6:43 of 1st period - R.J. Umberger wins face-off versus Ryan Malone in Canadiens zone.
6:48 of 1st period - Shot by Alexander Edler.
6:48 of 1st period - Shot Blocked by Marc Staal.
7:26 of 1st period - Off-side.
7:27 of 1st period - Tomas Plekanec wins face-off versus Ryan Malone in neutral zone.
7:41 of 1st period - Brad Boyes is hit by Maxime Talbot and loses puck.
8:10 of 1st period - Shot by Shawn Horcoff.
8:10 of 1st period - Stopped by Roberto Luongo without a rebound.
8:11 of 1st period - Tomas Plekanec wins face-off versus Nik Antropov in Thrashers zone.
8:14 of 1st period - Shot by Marian Gaborik.
8:14 of 1st period - Shot Misses the Net.
8:37 of 1st period - Ryan Malone is hit by Francis Bouillon and loses puck.
8:45 of 1st period - Benoit Pouliot is hit by Francis Bouillon and loses puck.
8:57 of 1st period - Icing by Tomas Plekanec.
8:58 of 1st period - Mike Ribeiro wins face-off versus Tomas Plekanec in Canadiens zone.
9:25 of 1st period - Shot by Toni Lydman.
9:25 of 1st period - Stopped by Roberto Luongo with a rebound.
9:29 of 1st period - Shot by Ales Hemsky.
9:29 of 1st period - Stopped by Roberto Luongo without a rebound.
9:30 of 1st period - Patrik Berglund wins face-off versus Jordan Staal in Thrashers zone.
9:37 of 1st period - Shot by Patrik Berglund.
9:37 of 1st period - Stopped by Roberto Luongo without a rebound.
9:38 of 1st period - Mike Ribeiro wins face-off versus Shawn Horcoff in Thrashers zone.
9:55 of 1st period - Shot by Sergei Gonchar.
9:55 of 1st period - Stopped by Jaroslav Halak without a rebound.
9:56 of 1st period - Nik Antropov wins face-off versus Patrik Berglund in Canadiens zone.
9:59 of 1st period - Shot by Benoit Pouliot.
9:59 of 1st period - Goal by Benoit Pouliot - Canadiens : 1 - Thrashers : 1.
10:00 of 1st period - Nik Antropov wins face-off versus Maxime Talbot in neutral zone.
10:11 of 1st period - David Booth is hit by Mark Giordano and loses puck.
10:40 of 1st period - Patrik Berglund is hit by Ryan Malone and loses puck.
11:30 of 1st period - Icing by Shawn Horcoff.
11:31 of 1st period - Brad Boyes wins face-off versus Shawn Horcoff in Canadiens zone.
11:59 of 1st period - Icing by Alexander Edler.
12:00 of 1st period - Mike Ribeiro wins face-off versus Shawn Horcoff in Canadiens zone.
12:05 of 1st period - Shot by Ryan Callahan.
12:05 of 1st period - Shot Misses the Net.
12:35 of 1st period - Shot by R.J. Umberger.
12:35 of 1st period - Shot Misses the Net.
12:37 of 1st period - Shot by R.J. Umberger.
12:37 of 1st period - Shot Misses the Net.
12:41 of 1st period - Shot by Jason Pominville.
12:41 of 1st period - Shot Misses the Net.
14:06 of 1st period - Shawn Horcoff is hit by Ryan Malone.
14:39 of 1st period - Shot by Brenden Morrow.
14:39 of 1st period - Stopped by Jaroslav Halak without a rebound.
14:40 of 1st period - Antoine Vermette wins face-off versus Tomas Plekanec in Canadiens zone.
14:40 of 1st period - Antoine Vermette is hit by Ed Jovanovski.
14:50 of 1st period - Francis Bouillon is hit by Ryan Callahan and loses puck.
14:58 of 1st period - Ryan Callahan is hit by Francis Bouillon and loses puck.
15:10 of 1st period - Minor Penalty to Tomas Plekanec for Tripping.
15:11 of 1st period - Nik Antropov wins face-off versus R.J. Umberger in Canadiens zone.
16:54 of 1st period - Shot by Antoine Vermette.
16:54 of 1st period - Shot Misses the Net.
16:58 of 1st period - Shot by Ryan Suter.
16:58 of 1st period - Stopped by Jaroslav Halak without a rebound.
16:59 of 1st period - Jordan Staal wins face-off versus Marian Gaborik in Canadiens zone.
17:11 of 1st period - Off-side.
17:12 of 1st period - Tomas Plekanec wins face-off versus Mike Ribeiro in neutral zone.
17:36 of 1st period - Shot by Ilya Kovalchuk.
17:36 of 1st period - Shot Misses the Net.
17:38 of 1st period - Shot by Tomas Plekanec.
17:38 of 1st period - Shot Blocked by Sergei Gonchar.
17:40 of 1st period - Shot by Tomas Plekanec.
17:40 of 1st period - Stopped by Roberto Luongo without a rebound.
17:41 of 1st period - Shawn Horcoff wins face-off versus Nik Antropov in Thrashers zone.
17:47 of 1st period - Ryan Suter is hit by Toni Lydman and loses puck.
18:08 of 1st period - Wayne Simmonds is hit by Ryan Malone and loses puck.
18:47 of 1st period - Shot by R.J. Umberger.
18:47 of 1st period - Shot Misses the Net.
19:49 of 1st period - Shot by Marian Gaborik.
19:49 of 1st period - Shot Misses the Net.

Period #2

0:01 of 2nd period - Jordan Staal wins face-off versus R.J. Umberger in neutral zone.
1:16 of 2nd period - Shot by Marian Gaborik.
1:16 of 2nd period - Shot Misses the Net.
1:25 of 2nd period - Minor Penalty to Francis Bouillon for Interference.
1:26 of 2nd period - Nik Antropov wins face-off versus R.J. Umberger in Canadiens zone.
1:45 of 2nd period - Shot by Nik Antropov.
1:45 of 2nd period - Shot Misses the Net.
1:47 of 2nd period - Shot by Ryan Suter.
1:47 of 2nd period - Stopped by Jaroslav Halak without a rebound.
1:48 of 2nd period - R.J. Umberger wins face-off versus Mike Ribeiro in Canadiens zone.
2:08 of 2nd period - Sergei Gonchar is hit by Maxime Talbot and loses puck.
2:35 of 2nd period - Icing by Ryan Suter.
2:36 of 2nd period - Tomas Plekanec wins face-off versus Nik Antropov in Thrashers zone.
3:54 of 2nd period - Shot by Marc Staal.
3:54 of 2nd period - Stopped by Jaroslav Halak without a rebound.
3:55 of 2nd period - Tomas Plekanec wins face-off versus Nik Antropov in Canadiens zone.
4:14 of 2nd period - Icing by Marian Gaborik.
4:15 of 2nd period - Tomas Plekanec wins face-off versus Mike Ribeiro in Canadiens zone.
4:17 of 2nd period - Icing by Ilya Kovalchuk.
4:18 of 2nd period - Tomas Plekanec wins face-off versus Mike Ribeiro in Canadiens zone.
5:30 of 2nd period - Minor Penalty to Mark Giordano for Holding.
5:31 of 2nd period - Antoine Vermette wins face-off versus R.J. Umberger in Thrashers zone.
6:29 of 2nd period - Shot by Marian Gaborik.
6:29 of 2nd period - Shot Blocked by Marc Staal.
6:31 of 2nd period - Shot by Ilya Kovalchuk.
6:31 of 2nd period - Stopped by Roberto Luongo without a rebound.
6:32 of 2nd period - R.J. Umberger wins face-off versus Brenden Morrow in Thrashers zone.
7:56 of 2nd period - Minor Penalty to Dan Girardi for Holding.
7:57 of 2nd period - Antoine Vermette wins face-off versus Jason Pominville in Thrashers zone.
8:06 of 2nd period - Jordan Staal is hit by Cory Stillman and loses puck.
8:36 of 2nd period - Icing by Ed Jovanovski.
8:37 of 2nd period - Tomas Plekanec wins face-off versus Brenden Morrow in Canadiens zone.
8:41 of 2nd period - Off-side.
8:42 of 2nd period - Tomas Plekanec wins face-off versus Brenden Morrow in neutral zone.
8:42 of 2nd period - Tomas Plekanec is hit by Brenden Morrow.
8:56 of 2nd period - Shot by Ilya Kovalchuk.
8:56 of 2nd period - Stopped by Roberto Luongo without a rebound.
8:57 of 2nd period - Antoine Vermette wins face-off versus R.J. Umberger in Thrashers zone.
9:10 of 2nd period - Brenden Morrow is hit by Cory Stillman and loses puck.
9:15 of 2nd period - Shot by Jason Pominville.
9:15 of 2nd period - Shot Misses the Net.
9:17 of 2nd period - Shot by Tom Gilbert.
9:17 of 2nd period - Stopped by Roberto Luongo without a rebound.
9:18 of 2nd period - Antoine Vermette wins face-off versus Tomas Plekanec in Thrashers zone.
10:08 of 2nd period - Wayne Simmonds is hit by Dan Girardi and loses puck.
10:16 of 2nd period - Minor Penalty to Dan Girardi for Roughing.
10:16 of 2nd period - Double Minor Penalty to Wayne Simmonds for Slashing.
10:17 of 2nd period - Shawn Horcoff wins face-off versus Mike Ribeiro in Thrashers zone.
10:17 of 2nd period - Cory Stillman is hit by Mark Giordano and loses puck.
10:34 of 2nd period - Shot by Shawn Horcoff.
10:34 of 2nd period - Shot Blocked by Mark Giordano.
10:38 of 2nd period - Shot by Cory Stillman.
10:38 of 2nd period - Shot Misses the Net.
10:40 of 2nd period - Shot by Tom Gilbert.
10:40 of 2nd period - Shot Misses the Net.
10:42 of 2nd period - Shot by Cory Stillman.
10:42 of 2nd period - Stopped by Roberto Luongo without a rebound.
10:43 of 2nd period - Ilya Kovalchuk wins face-off versus Antoine Vermette in Thrashers zone.
11:34 of 2nd period - Shot by Cory Stillman.
11:34 of 2nd period - Shot Blocked by Jordan Staal.
11:36 of 2nd period - Shot by Toni Lydman.
11:36 of 2nd period - Stopped by Roberto Luongo without a rebound.
11:37 of 2nd period - Shawn Horcoff wins face-off versus Mike Ribeiro in Thrashers zone.
11:50 of 2nd period - Shot by Shawn Horcoff.
11:50 of 2nd period - Shot Blocked by Mike Ribeiro.
12:05 of 2nd period - Shot by Mike Ribeiro.
12:05 of 2nd period - Shot Misses the Net.
12:09 of 2nd period - Shot by Nik Antropov.
12:09 of 2nd period - Stopped by Jaroslav Halak without a rebound.
12:10 of 2nd period - Ilya Kovalchuk wins face-off versus Brenden Morrow in Canadiens zone.
12:15 of 2nd period - Shot by Brent Seabrook.
12:15 of 2nd period - Shot Misses the Net.
12:20 of 2nd period - Shot by Francis Bouillon.
12:20 of 2nd period - Shot Misses the Net.
12:28 of 2nd period - Ryan Malone is hit by Maxime Talbot and loses puck.
13:01 of 2nd period - Shot by Sergei Gonchar.
13:01 of 2nd period - Stopped by Jaroslav Halak with a rebound.
13:03 of 2nd period - Shot by Rene Bourque.
13:03 of 2nd period - Shot Misses the Net.
13:41 of 2nd period - Tomas Plekanec is hit by Brenden Morrow and loses puck.
13:52 of 2nd period - Shot by Marc Staal.
13:52 of 2nd period - Stopped by Jaroslav Halak with a rebound.
13:54 of 2nd period - Shot by Benoit Pouliot.
13:54 of 2nd period - Shot Misses the Net.
13:56 of 2nd period - Shot by Ryan Suter.
13:56 of 2nd period - Goal by Ryan Suter - Canadiens : 1 - Thrashers : 2.
13:57 of 2nd period - Tomas Plekanec wins face-off versus Antoine Vermette in neutral zone.
14:00 of 2nd period - Antoine Vermette is hit by Marian Gaborik and loses puck.
14:13 of 2nd period - Shot by Ryan Callahan.
14:13 of 2nd period - Shot Misses the Net.
14:15 of 2nd period - Shot by Dan Girardi.
14:15 of 2nd period - Shot Misses the Net.
14:23 of 2nd period - Shot by Rene Bourque.
14:23 of 2nd period - Stopped by Jaroslav Halak without a rebound.
14:24 of 2nd period - Nik Antropov wins face-off versus R.J. Umberger in Canadiens zone.
16:02 of 2nd period - Icing by Rene Bourque.
16:03 of 2nd period - Antoine Vermette wins face-off versus Maxime Talbot in Thrashers zone.
16:21 of 2nd period - Icing by Brent Seabrook.
16:22 of 2nd period - Ryan Malone wins face-off versus Patrik Berglund in Canadiens zone.
16:25 of 2nd period - Shot by Benoit Pouliot.
16:25 of 2nd period - Goal by Benoit Pouliot - Canadiens : 1 - Thrashers : 3.
16:26 of 2nd period - Tomas Plekanec wins face-off versus Benoit Pouliot in neutral zone.
16:40 of 2nd period - Ryan Malone is hit by Francis Bouillon.
16:42 of 2nd period - Shot by Nik Antropov.
16:42 of 2nd period - Deflect By Benoit Pouliot.
16:42 of 2nd period - Stopped by Jaroslav Halak with a rebound.
16:46 of 2nd period - Shot by Benoit Pouliot.
16:46 of 2nd period - Stopped by Jaroslav Halak without a rebound.
16:47 of 2nd period - Mike Ribeiro wins face-off versus Shawn Horcoff in Canadiens zone.
16:47 of 2nd period - Mike Ribeiro is hit by Toni Lydman.
16:54 of 2nd period - Icing by Toni Lydman.
16:55 of 2nd period - Shawn Horcoff wins face-off versus Mike Ribeiro in Canadiens zone.
17:05 of 2nd period - Icing by Rene Bourque.
17:06 of 2nd period - R.J. Umberger wins face-off versus Mike Ribeiro in Thrashers zone.
17:15 of 2nd period - R.J. Umberger is hit by Ryan Callahan and loses puck.
18:05 of 2nd period - Shot by Nik Antropov.
18:05 of 2nd period - Stopped by Jaroslav Halak without a rebound.
18:06 of 2nd period - Shawn Horcoff wins face-off versus Antoine Vermette in Canadiens zone.
18:17 of 2nd period - Shot by Ales Hemsky.
18:17 of 2nd period - Shot Blocked by Antoine Vermette.
18:24 of 2nd period - Antoine Vermette is hit by Wayne Simmonds and loses puck.
18:48 of 2nd period - Shot by Antoine Vermette.
18:48 of 2nd period - Stopped by Jaroslav Halak without a rebound.
18:49 of 2nd period - Tomas Plekanec wins face-off versus Mike Ribeiro in Canadiens zone.
19:12 of 2nd period - Shot by Ilya Kovalchuk.
19:12 of 2nd period - Stopped by Roberto Luongo without a rebound.
19:13 of 2nd period - Nik Antropov wins face-off versus R.J. Umberger in Thrashers zone.
19:20 of 2nd period - Shot by Cory Stillman.
19:20 of 2nd period - Shot Misses the Net.
19:24 of 2nd period - Shot by Brent Seabrook.
19:24 of 2nd period - Stopped by Roberto Luongo without a rebound.
19:25 of 2nd period - Nik Antropov wins face-off versus Patrik Berglund in Thrashers zone.
19:25 of 2nd period - Nik Antropov is hit by Maxime Talbot.
19:31 of 2nd period - Shot by Nik Antropov.
19:31 of 2nd period - Stopped by Jaroslav Halak without a rebound.
19:32 of 2nd period - Tomas Plekanec wins face-off versus Mike Ribeiro in Canadiens zone.

Period #3

0:01 of 3rd period - Jordan Staal wins face-off versus R.J. Umberger in neutral zone.
0:12 of 3rd period - Off-side.
0:13 of 3rd period - Tomas Plekanec wins face-off versus Rene Bourque in neutral zone.
0:39 of 3rd period - Shot by Ilya Kovalchuk.
0:39 of 3rd period - Stopped by Roberto Luongo without a rebound.
0:40 of 3rd period - Cory Stillman wins face-off versus Jordan Staal in Thrashers zone.
1:18 of 3rd period - Icing by Jordan Staal.
1:19 of 3rd period - Jordan Staal wins face-off versus Ales Hemsky in Thrashers zone.
1:40 of 3rd period - Shot by Wayne Simmonds.
1:40 of 3rd period - Shot Misses the Net.
1:52 of 3rd period - Shot by Mike Ribeiro.
1:52 of 3rd period - Shot Misses the Net.
1:54 of 3rd period - Shot by Ryan Callahan.
1:54 of 3rd period - Shot Misses the Net.
2:02 of 3rd period - Shot by Ryan Callahan.
2:02 of 3rd period - Deflect By Rene Bourque.
2:02 of 3rd period - Shot Misses the Net.
2:04 of 3rd period - Shot by Rene Bourque.
2:04 of 3rd period - Stopped by Jaroslav Halak without a rebound.
2:05 of 3rd period - Ilya Kovalchuk wins face-off versus Mike Ribeiro in Canadiens zone.
2:25 of 3rd period - Marian Gaborik is hit by Marc Staal and loses puck.
3:02 of 3rd period - Shot by R.J. Umberger.
3:02 of 3rd period - Stopped by Roberto Luongo without a rebound.
3:03 of 3rd period - Antoine Vermette wins face-off versus R.J. Umberger in Thrashers zone.
3:10 of 3rd period - Brent Seabrook is hit by Ryan Callahan and loses puck.
3:22 of 3rd period - Cory Stillman is hit by Dan Girardi and loses puck.
3:32 of 3rd period - Icing by Tom Gilbert.
3:33 of 3rd period - R.J. Umberger wins face-off versus Nik Antropov in Canadiens zone.
3:38 of 3rd period - Shot by Jason Pominville.
3:38 of 3rd period - Shot Misses the Net.
5:05 of 3rd period - Tomas Plekanec is hit by Rene Bourque and loses puck.
5:16 of 3rd period - Shot by Rene Bourque.
5:16 of 3rd period - Shot Misses the Net.
5:18 of 3rd period - Shot by Christian Ehrhoff.
5:18 of 3rd period - Stopped by Jaroslav Halak without a rebound.
5:19 of 3rd period - Ales Hemsky wins face-off versus Mike Ribeiro in Canadiens zone.
5:19 of 3rd period - Ales Hemsky is hit by Ryan Callahan.
5:50 of 3rd period - Icing by Ryan Callahan.
5:51 of 3rd period - Mike Ribeiro wins face-off versus Tomas Plekanec in Thrashers zone.
5:51 of 3rd period - Mike Ribeiro is hit by Marian Gaborik.
6:00 of 3rd period - Icing by Ed Jovanovski.
6:01 of 3rd period - Tomas Plekanec wins face-off versus Nik Antropov in Canadiens zone.
6:08 of 3rd period - Shot by Nik Antropov.
6:08 of 3rd period - Stopped by Jaroslav Halak without a rebound.
6:09 of 3rd period - Shawn Horcoff wins face-off versus Jordan Staal in Canadiens zone.
6:13 of 3rd period - Icing by Ales Hemsky.
6:14 of 3rd period - Shawn Horcoff wins face-off versus Nik Antropov in Canadiens zone.
6:14 of 3rd period - Ales Hemsky is hit by Ryan Malone and loses puck.
6:24 of 3rd period - Off-side.
6:25 of 3rd period - Jordan Staal wins face-off versus Tomas Plekanec in neutral zone.
6:37 of 3rd period - Icing by Francis Bouillon.
6:38 of 3rd period - Mike Ribeiro wins face-off versus Tomas Plekanec in Canadiens zone.
6:55 of 3rd period - Shot by Ilya Kovalchuk.
6:55 of 3rd period - Shot Blocked by Sergei Gonchar.
6:57 of 3rd period - Shot by Francis Bouillon.
6:57 of 3rd period - Stopped by Roberto Luongo without a rebound.
6:58 of 3rd period - Shawn Horcoff wins face-off versus Nik Antropov in Thrashers zone.
7:14 of 3rd period - Shot by Ales Hemsky.
7:14 of 3rd period - Deflect By Shawn Horcoff.
7:14 of 3rd period - Shot Blocked by Ryan Suter.
7:26 of 3rd period - Shot by Alexander Edler.
7:26 of 3rd period - Shot Blocked by Ryan Suter.
7:28 of 3rd period - Shot by Toni Lydman.
7:28 of 3rd period - Stopped by Roberto Luongo without a rebound.
7:29 of 3rd period - Rene Bourque wins face-off versus Jason Pominville in Thrashers zone.
7:33 of 3rd period - Mike Ribeiro is hit by Brent Seabrook and loses puck.
7:41 of 3rd period - Icing by Brent Seabrook.
7:42 of 3rd period - R.J. Umberger wins face-off versus Antoine Vermette in Canadiens zone.
8:04 of 3rd period - Cory Stillman is hit by Marc Staal and loses puck.
8:19 of 3rd period - Shot by Brenden Morrow.
8:19 of 3rd period - Stopped by Jaroslav Halak without a rebound.
8:20 of 3rd period - Tomas Plekanec wins face-off versus Ryan Malone in Canadiens zone.
8:36 of 3rd period - Shot by Marian Gaborik.
8:36 of 3rd period - Stopped by Roberto Luongo without a rebound.
8:37 of 3rd period - Shawn Horcoff wins face-off versus Mike Ribeiro in Thrashers zone.
8:37 of 3rd period - Ales Hemsky is hit by Christian Ehrhoff and loses puck.
8:43 of 3rd period - Shawn Horcoff is hit by Christian Ehrhoff and loses puck.
9:11 of 3rd period - Minor Penalty to Ryan Callahan for Tripping.
9:12 of 3rd period - Tomas Plekanec wins face-off versus Antoine Vermette in Thrashers zone.
9:15 of 3rd period - Shot by Ilya Kovalchuk.
9:15 of 3rd period - Shot Hit the Post.
9:28 of 3rd period - Off-side.
9:29 of 3rd period - Brenden Morrow wins face-off versus R.J. Umberger in neutral zone.
9:35 of 3rd period - Icing by Ales Hemsky.
9:36 of 3rd period - R.J. Umberger wins face-off versus Brenden Morrow in Canadiens zone.
9:44 of 3rd period - Shot by R.J. Umberger.
9:44 of 3rd period - Stopped by Roberto Luongo without a rebound.
9:45 of 3rd period - Antoine Vermette wins face-off versus Tomas Plekanec in Thrashers zone.
9:51 of 3rd period - Icing by Marian Gaborik.
9:52 of 3rd period - Antoine Vermette wins face-off versus Tomas Plekanec in Canadiens zone.
10:05 of 3rd period - Brenden Morrow is hit by Brent Seabrook and loses puck.
11:20 of 3rd period - Shot by Nik Antropov.
11:20 of 3rd period - Shot Misses the Net.
11:21 of 3rd period - Minor Penalty to Ed Jovanovski for Interference.
11:22 of 3rd period - Mike Ribeiro wins face-off versus R.J. Umberger in Canadiens zone.
11:23 of 3rd period - Shot by Sergei Gonchar.
11:23 of 3rd period - Shot Misses the Net.
11:27 of 3rd period - Shot by Sergei Gonchar.
11:27 of 3rd period - Stopped by Jaroslav Halak without a rebound.
11:28 of 3rd period - Ryan Callahan wins face-off versus Tomas Plekanec in Canadiens zone.
12:27 of 3rd period - Shot by Christian Ehrhoff.
12:27 of 3rd period - Shot Blocked by Francis Bouillon.
13:30 of 3rd period - Icing by Mike Ribeiro.
13:31 of 3rd period - Marian Gaborik wins face-off versus Mike Ribeiro in Thrashers zone.
13:46 of 3rd period - Shot by Ilya Kovalchuk.
13:46 of 3rd period - Stopped by Roberto Luongo with a rebound.
13:50 of 3rd period - Shot by Tomas Plekanec.
13:50 of 3rd period - Shot Misses the Net.
13:54 of 3rd period - Shot by Marian Gaborik.
13:54 of 3rd period - Shot Misses the Net.
13:56 of 3rd period - Shot by Marian Gaborik.
13:56 of 3rd period - Stopped by Roberto Luongo without a rebound.
13:57 of 3rd period - R.J. Umberger wins face-off versus Jordan Staal in Thrashers zone.
14:03 of 3rd period - Off-side.
14:04 of 3rd period - Shawn Horcoff wins face-off versus Nik Antropov in neutral zone.
14:16 of 3rd period - Ales Hemsky is hit by Mark Giordano and loses puck.
14:33 of 3rd period - Shot by Nik Antropov.
14:33 of 3rd period - Stopped by Jaroslav Halak with a rebound.
15:10 of 3rd period - Icing by Christian Ehrhoff.
15:11 of 3rd period - Mike Ribeiro wins face-off versus R.J. Umberger in Thrashers zone.
15:32 of 3rd period - Shot by Jason Pominville.
15:32 of 3rd period - Stopped by Roberto Luongo without a rebound.
15:33 of 3rd period - Antoine Vermette wins face-off versus Tomas Plekanec in Thrashers zone.
15:35 of 3rd period - Ryan Callahan is hit by Marian Gaborik and loses puck.
15:54 of 3rd period - Shot by Ilya Kovalchuk.
15:54 of 3rd period - Stopped by Roberto Luongo without a rebound.
15:55 of 3rd period - Jordan Staal wins face-off versus R.J. Umberger in Thrashers zone.
15:55 of 3rd period - Jordan Staal is hit by Jason Pominville.
16:53 of 3rd period - Minor Penalty to Brent Seabrook for Hooking.
16:54 of 3rd period - Marian Gaborik wins face-off versus Nik Antropov in Canadiens zone.
17:41 of 3rd period - Maxime Talbot is hit by Ryan Malone.
18:26 of 3rd period - Marian Gaborik is hit by Ryan Callahan and loses puck.
19:04 of 3rd period - Shot by Ilya Kovalchuk.
19:04 of 3rd period - Goal by Ilya Kovalchuk - Canadiens : 2 - Thrashers : 3.
19:05 of 3rd period - Jordan Staal wins face-off versus R.J. Umberger in neutral zone.
19:15 of 3rd period - Canadiens, Jaroslav Halak is pulled from the net.
19:23 of 3rd period - Shot by Ales Hemsky.
19:23 of 3rd period - Stopped by Roberto Luongo with a rebound.
19:25 of 3rd period - Shot by Brent Seabrook.
19:25 of 3rd period - Stopped by Roberto Luongo with a rebound.
19:27 of 3rd period - Shot by Cory Stillman.
19:27 of 3rd period - Stopped by Roberto Luongo without a rebound.
19:28 of 3rd period - Jordan Staal wins face-off versus R.J. Umberger in Thrashers zone.
19:49 of 3rd period - Shot by Brenden Morrow.
19:49 of 3rd period - Goal by Brenden Morrow - Canadiens : 2 - Thrashers : 4.
19:49 of 3rd period - Jaroslav Halak from Canadiens was sent back in the game.
19:50 of 3rd period - Marian Gaborik wins face-off versus Nik Antropov in neutral zone.


Output by the SimonT Hockey Simulator (STHS) for Stephane Roy -- Original Page W3C XHTML 1.0 Valid